 Dungeon Crawl Stone Soup version 0.21.1-1-g345015fe64 (webtiles) character file.

141449 dingdong the Destroyer (level 17, 0/99 HPs)
             Began as a Gargoyle Earth Elementalist on July 6, 2018.
             Was the Champion of Vehumet.
             Slain by an anaconda (2 damage)
             ... on level 2 of the Snake Pit on July 10, 2018.
             The game lasted 04:34:01 (41454 turns).

dingdong the Destroyer (GrEE)                      Turns: 41454, Time: 04:34:02

Health: 0/99       AC: 22    Str: 11    XL:     17   Next: 33%
Magic:  0/57       EV: 10    Int: 29    God:    Vehumet [******]
Gold:   1561       SH: 11    Dex:  7    Spells: 6/41 levels left

rFire    + . .     SeeInvis .   M - staff of power
rCold    + + .     Gourm    .   C - +1 shield
rNeg     + . .     Faith    .   R - +2 robe {rC+}
rPois    ∞         Spirit   +   V - +2 helmet
rElec    +         Reflect  .   x - +0 cloak
rCorr    +         Harm     .   m - +0 pair of gloves
MR       ++...                  (no boots)
Stlth    ++........             t - amulet of guardian spirit
HPRegen  0.26/turn              A - ring of protection from magic
MPRegen  0.35/turn              l - ring of Sihan {+Inv rPois MP+9 Int+5 Dex-3}

@: resistant, constricted
A: big wings, negative energy resistance 1, electricity resistance, unbreathing,
petrification resistance, rot immunity, AC +12
a: Fly, Renounce Religion, Evoke Invisibility


You were on level 2 of the Snake Pit.
You worshipped Vehumet.
Vehumet was exalted by your worship.
You were not hungry.

You visited 6 branches of the dungeon, and saw 25 of its levels.

You collected 2181 gold pieces.
You spent 620 gold pieces at shops.

Inventory:

Hand Weapons
 a - a +2 lajatang of pain
 j - a +1 whip of electrocution
Missiles
 Z - 115 stones (quivered)
Armour
 i - +0 swamp dragon scales
 m - a +0 pair of gloves (worn)
 x - a +0 cloak (worn)
 C - a +1 shield (worn)
 R - a +2 robe of cold resistance (worn)
 V - a +2 helmet (worn)
Magical Staves
 s - an uncursed staff of wizardry
 G - an uncursed staff of poison
 M - an uncursed staff of power (weapon)
 U - an uncursed staff of earth
Jewellery
 l - the ring of Sihan (right hand) {+Inv rPois MP+9 Int+5 Dex-3}
   (You found it on level 6 of the Lair of Beasts)

   [ring of magical power]

   It affects your intelligence (+5).
   It affects your dexterity (-3).
   It protects you from poison.
   It affects your magic capacity (+9).
   It lets you turn invisible.
 t - an amulet of guardian spirit (around neck)
 u - a +2 ring of evasion
 A - a ring of protection from magic (left hand)
 T - an uncursed ring of fire
Wands
 h - a wand of polymorph (17)
 y - a wand of iceblast (13)
 D - a wand of enslavement (25)
 J - a wand of random effects (38)
 K - a wand of flame (52)
 P - a wand of acid (6)
 Q - a wand of scattershot (7)
Scrolls
 c - 2 scrolls of acquirement
 e - a scroll of holy word
 g - 13 scrolls of remove curse
 k - 2 scrolls of immolation
 o - 5 scrolls of enchant armour
 p - 6 scrolls of amnesia
 q - 2 scrolls of fog {unknown}
 r - 5 scrolls of fear
 w - a scroll of identify
 z - 3 scrolls of enchant weapon
 I - 2 scrolls of brand weapon
 L - 2 scrolls of vulnerability
 N - 2 scrolls of silence
 O - 4 scrolls of magic mapping
Potions
 f - 5 potions of might
 n - 4 potions of brilliance {unknown}
 v - a potion of resistance
 B - 4 potions of cancellation
 F - 3 potions of lignification
 H - a potion of magic
 S - 2 potions of agility {unknown}
 X - a potion of flight {unknown}
Books
 W - a book of Transfigurations

   Spells                             Type                      Level
   a - Irradiate                      Conjuration/Transmutation    5
   b - Statue Form                    Transmutation/Earth          6
   c - Hydra Form                     Transmutation                6
   d - Dragon Form                    Transmutation                7
 Y - a book of Spatial Translocations

   Spells                             Type                      Level
   a - Blink                          Translocation                2
   b - Shroud of Golubria             Charms/Translocation         2
   c - Lesser Beckoning               Translocation                3
   d - Gell's Gravitas                Translocation                3
   e - Teleport Other                 Translocation                3
   f - Passage of Golubria            Translocation                4
Comestibles
 d - 15 rations


   Skills:
 + Level 8.8 Fighting
 + Level 11.8 Staves
 - Level 5.0 Armour
 + Level 7.0 Dodging
 - Level 2.1 Stealth
 + Level 8.8 Shields
 + Level 12.5 Spellcasting
 - Level 12.7 Conjurations
 + Level 2.6 Necromancy
   Level 0.7 Transmutations
 + Level 11.7 Fire Magic
 - Level 12.5 Earth Magic
 + Level 6.1 Evocations


You had 6 spell levels left.
You knew the following spells:

 Your Spells              Type           Power        Failure   Level  Hunger
a - Sandblast             Erth           ######       1%          1    None
b - Stone Arrow           Conj/Erth      ######       1%          3    None
c - Lee's Rapid Deconstr  Erth           ######....   1%          5    ##.....
d - Conjure Flame         Conj/Fire      ######..     1%          3    None
e - Searing Ray           Conj           ######       1%          2    None
f - Sticky Flame          Conj/Fire      ######..     1%          4    None
g - Iron Shot             Conj/Erth      #######...   1%          6    ####...
h - Borgnjor's Vile Clut  Necr/Erth      ######....   8%          5    ##.....
i - Bolt of Fire          Conj/Fire      ######....   1%          6    ####...


Dungeon Overview and Level Annotations

Branches:
Dungeon (11/15)            Temple (1/1) D:6            Lair (6/6) D:11
  Swamp (0/4) Lair:3        Snake (4/4) Lair:2        Slime (0/5) Lair:5
    Orc (2/2) D:9             Elf (1/3) Orc:2

Altars:
Ashenzari
Cheibriados
Dithmenos
Elyvilon
Fedhas
Gozag
Hepliaklqana
Kikubaaqudgha
Makhleb
Nemelex Xobeh
Okawaru
Qazlal
Ru
Sif Muna
Trog
Uskayaw
Vehumet
Wu Jian
Xom
Yredelemnul
Zin
The Shining One
Beogh

Shops:
Orc:2 %=:%   Elf:1 *   Snake:1 *   Snake:2 *!

Portals:
Trove: D:10 (lose all piety)

Annotations:
Lair:2 Louise
Snake:4 Saint Roka


Innate Abilities, Weirdness & Mutations

You are resistant to torment.
Your stone body is resilient. (AC +12)
You are immune to poison.
Your large and strong wings let you fly indefinitely.
You resist negative energy. (rN+)
You are resistant to electric shocks. (rElec)
You can survive without breathing.
You are immune to petrification.
You are immune to rotting.


Message History

The anaconda constricts you.
You escape the anaconda's grasp.
The anaconda barely misses you. The anaconda bites you!
* * * LOW HITPOINT WARNING * * *
The anaconda barely misses you. The anaconda bites you!
* * * LOW HITPOINT WARNING * * *
The anaconda grabs you. The anaconda bites you.
* * * LOW HITPOINT WARNING * * *
x2 The anaconda constricts you.
You escape the anaconda's grasp.
You feel protected. The anaconda grabs you.
The anaconda bites you but does no damage.
* * * LOW HITPOINT WARNING * * *
The anaconda constricts you. The anaconda barely misses you.
The anaconda constricts you.
The anaconda's grasp on you weakens, but your attempt to escape fails.
You block the anaconda's attack. The anaconda constricts you.
You block the anaconda's attack.
You die...

).#....####..## ### ##.###.# #
#.(...## ##..###.# ##.###.## #
.#..#.# ###..#.###.≈≈≈≈≈#≈≈ #
##)##.########.......#≈#≈≈#≈##≈ #
##.###...........##.##≈≈#≈≈≈#≈≈##
#.## ##...####..###.##≈≈≈≈≈≈#≈#≈≈
#.# ##..### ##.##...##≈≈≈≈≈#≈≈≈≈≈
#.###....# ##)##.S....≈≈≈##≈#≈≈≈#
#.##..######..#.@....#≈≈≈≈≈≈#≈≈≈≈
.#..### #.#..#.......#≈≈#≈≈≈#≈#≈≈
...## ##..#.........≈#≈#≈#≈≈≈≈≈
.)## ##.......>....≈≈≈≈#.##≈≈≈
#.# ##...............#..≈.≈.≈≈
..## ###.#............≈..≈≈.≈.≈≈.
...###..##............≈#P.≈≈.≈.≈≈
..#.#.####............≈≈≈≈≈#≈≈..P
.##...####............≈≈≈≈##≈≈≈≈≈


You could see an anaconda.

Vanquished Creatures
  Vashnia (Snake:3)
  Kirke (Lair:6)
  Agnes (Snake:4)
  4 nagarajas
  Aizul (Snake:1)
  An orc warlord (Orc:2)
  Nessos (Lair:4)
  Harold (Lair:2)
  8 hydras
  11 naga warriors
  8 two-headed ogres
  12 anacondas
  Erica (D:10)
  An alligator (Snake:2)
  A queen ant (Lair:1)
  4 orc high priests (Orc:2)
  10 naga sharpshooters
  5 shock serpents
  2 salamander mystics
  2 unseen horrors (D:11)
  A swamp dragon (Snake:2)
  4 naga ritualists
  Pikel (D:8)
  A lindwurm (Lair:6)
  3 orc knights (Orc:2)
  4 orc sorcerers
  13 mana vipers
  A deep elf mage (Orc:2)
  6 salamanders
  10 elephants
  3 guardian serpents
  Maurice (D:8)
  34 black mambas
  15 spiny frogs
  A torpor snail (Lair:1)
  17 naga magi
  A kobold demonologist (D:11)
  A rime drake (Lair:5)
  8 komodo dragons
  7 hornets
  6 trolls
  6 polar bears
  The ghost of tidbits the Grave Robber, an amateur GnNe (D:5)
  2 slime creatures (Snake:2)
  8 hippogriffs
  6 dream sheep (Lair:6)
  2 wraiths (D:11)
  42 yaks
  12 spriggans (Lair:6)
  4 wyverns
  2 hogs (Lair:6)
  2 hungry ghosts (D:8)
  2 basilisks
  A steam dragon (D:11)
  2 vampire mosquitoes (Snake:2)
  9 wargs
  5 soldier ants
  5 swamp worms (Lair:5)
  53 nagas
  An acid dragon (D:11)
  14 water moccasins
  9 porcupines
  Duvessa (D:7)
  A swamp drake (Snake:2)
  40 orc warriors
  2 slaves (D:8)
  8 ice beasts
  2 sky beasts
  2 black bears (Lair:6)
  A necrophage (D:6)
  23 wolves (Lair:6)
  4 centaurs
  2 phantoms
  4 boggarts (Lair:6)
  18 ogres
  10 crocodiles
  11 big kobolds
  12 bullfrogs
  3 gnoll sergeants (D:8)
  Dowan (D:7)
  A water moccasin zombie (D:7)
  4 wights (D:6)
  9 crimson imps
  A centaur zombie (D:5)
  2 quasits
  A lava snake (Lair:5)
  2 bullfrog skeletons
  A gnoll shaman (D:6)
  30 orc priests
  4 hounds
  26 orc wizards
  2 centaur skeletons
  2 iguanas
  33 worker ants
  3 ogre zombies (D:5)
  A hound zombie (D:6)
  2 hound skeletons (D:9)
  2 worker ant zombies
  6 gnolls
  12 adders
  8 shadow imps
  An ooze (D:2)
  An adder zombie (D:7)
  2 adder skeletons
  19 worms
  3 dart slugs
  6 leopard geckos
  97 orcs
  9 bats
  4 giant cockroaches
  5 hobgoblins
  5 jackals
  8 kobolds
  A quokka (D:2)
  2 ball pythons (D:4)
  3 frilled lizards
  2 goblins (D:2)
  A jackal skeleton (D:4)
  A jackal zombie (D:7)
  A kobold zombie (D:8)
  A leopard gecko skeleton (D:4)
  14 rats
  A rat zombie (D:8)
  2 plants
888 creatures vanquished.

Vanquished Creatures (others)
  3 humans (Lair:6)
  An orc (D:8)
  A butterfly (D:8)
  4 fungi
  10 plants
19 creatures vanquished.

Grand Total: 907 creatures vanquished

Notes
Turn   | Place    | Note
-------+----------+-------------------------------------------
     0 | D:1      | dingdong the Gargoyle Earth Elementalist began the quest for the Orb.
     0 | D:1      | Reached XP level 1. HP: 10/10 MP: 3/3
   546 | D:1      | Reached XP level 2. HP: 15/15 MP: 5/5
  1019 | D:2      | Reached XP level 3. HP: 15/19 MP: 1/7
  1176 | D:2      | Found an opulent altar of Gozag.
  1273 | D:2      | Found a stormy altar of Qazlal.
  1360 | D:2      | Learned a level 3 spell: Stone Arrow
  1584 | D:2      | Found a hazy altar of Hepliaklqana.
  1745 | D:2      | Found a white marble altar of Elyvilon.
  1757 | D:2      | Reached XP level 4. HP: 12/24 MP: 2/8
  2161 | D:3      | Reached skill level 1 in Conjurations
  2426 | D:3      | Reached skill level 5 in Earth Magic
  2564 | D:3      | Found a sparkling altar of Nemelex Xobeh.
  2577 | D:3      | Reached XP level 5. HP: 28/28 MP: 5/9
  2661 | D:3      | Found an ancient bone altar of Kikubaaqudgha.
  2777 | D:4      | Learned a level 5 spell: Lee's Rapid Deconstruction
  2856 | D:4      | Found a blossoming altar of Fedhas.
  3340 | D:4      | Reached XP level 6. HP: 27/32 MP: 3/11
  3922 | D:4      | Noticed a water moccasin
  3931 | D:4      | Killed a water moccasin
  3931 | D:4      | Reached skill level 1 in Staves
  3931 | D:4      | Reached XP level 7. HP: 33/36 MP: 9/13
  3981 | D:4      | Found a shattered altar of Ashenzari.
  4330 | D:4      | Found a deep blue altar of Sif Muna.
  4360 | D:5      | Entered Level 5 of the Dungeon
  4364 | D:5      | Found an iron altar of Okawaru.
  4498 | D:5      | Found a transporter.
  4759 | D:5      | Found a transporter.
  5001 | D:5      | Noticed tidbits's ghost (amateur GnNe)
  5443 | D:5      | Killed tidbits's ghost
  5443 | D:5      | Reached skill level 5 in Conjurations
  5443 | D:5      | Reached XP level 8. HP: 37/41 MP: 2/14
  6189 | D:6      | Reached skill level 5 in Spellcasting
  6277 | D:6      | Found a staircase to the Ecumenical Temple.
  6283 | Temple   | Entered the Ecumenical Temple
  6381 | Temple   | Became a worshipper of Vehumet
  6515 | D:6      | Reached XP level 9. HP: 45/45 MP: 2/16
  6770 | D:6      | Found a burning altar of Makhleb.
  7009 | D:7      | Noticed Duvessa
  7012 | D:7      | Noticed Dowan
  7014 | D:7      | Killed Duvessa
  7016 | D:7      | Killed Dowan
  7181 | D:7      | Reached * piety under Vehumet
  7181 | D:7      | Offered knowledge of Freeze by Vehumet.
  7216 | D:7      | Noticed a moth of wrath
  7220 | D:7      | Found a bloodstained altar of Trog.
  7338 | D:7      | You fall through a shaft!
  7349 | D:8      | Found a shimmering altar of Xom.
  7954 | D:8      | Reached skill level 10 in Earth Magic
  8443 | D:7      | Learned a level 3 spell: Conjure Flame
  9060 | D:8      | Reached XP level 10. HP: 50/50 MP: 15/19
  9082 | D:8      | Found a sacrificial altar of Ru.
  9105 | D:8      | Noticed Maurice
  9182 | D:8      | Noticed Pikel
  9200 | D:8      | Killed Pikel
  9200 | D:8      | Reached skill level 5 in Staves
  9345 | D:8      | Noticed a two-headed ogre
  9430 | D:8      | Killed a two-headed ogre
  9430 | D:8      | Reached ** piety under Vehumet
  9430 | D:8      | Offered knowledge of Flame Tongue by Vehumet.
  9512 | D:8      | Killed Maurice
  9524 | D:8      | Found a burning altar of Makhleb.
  9524 | D:8      | Noticed a blizzard demon
  9525 | D:8      | Identified the Almanac of the Snowflakes
  9567 | D:9      | Noticed a two-headed ogre
  9572 | D:9      | Killed a two-headed ogre
  9716 | D:9      | Found a staircase to the Orcish Mines.
  9761 | D:8      | Reached skill level 10 in Conjurations
 10117 | D:9      | Reached XP level 11. HP: 54/54 MP: 12/21
 10972 | D:9      | Offered knowledge of Searing Ray by Vehumet.
 10986 | D:9      | Learned a level 2 spell: Searing Ray
 11677 | D:8      | Identified 2 scrolls of acquirement
 11815 | D:9      | Reached *** piety under Vehumet
 12140 | D:10     | Entered Level 10 of the Dungeon
 12454 | D:10     | Offered knowledge of Sticky Flame by Vehumet.
 12460 | D:10     | Learned a level 4 spell: Sticky Flame
 12683 | D:10     | Reached skill level 1 in Fire Magic
 12950 | D:10     | Found a portal to a secret trove of treasure.
 12951 | D:10     | Noticed Erica
 12988 | D:10     | Killed Erica
 13051 | D:10     | Noticed a two-headed ogre
 13059 | D:10     | Killed a two-headed ogre
 13064 | D:10     | Treasure Trove on this level
 13064 | D:10     | Treasure Trove (lose all piety)
 13634 | D:11     | Noticed an unseen horror
 13640 | D:11     | Killed an unseen horror
 13801 | D:11     | Noticed a two-headed ogre
 13812 | D:11     | Killed a two-headed ogre
 13812 | D:11     | Reached **** piety under Vehumet
 13812 | D:11     | Reached XP level 12. HP: 59/59 MP: 20/24
 13865 | D:11     | Offered knowledge of Fireball by Vehumet.
 14351 | D:11     | Found a staircase to the Lair.
 14606 | Lair:1   | Entered Level 1 of the Lair of Beasts
 15827 | Lair:1   | Reached skill level 5 in Fire Magic
 16749 | Lair:2   | Noticed a five-headed hydra
 17723 | Lair:2   | Found an iron altar of Okawaru.
 17771 | Lair:2   | Noticed Harold
 17779 | Lair:2   | Killed Harold
 18011 | Lair:2   | Noticed a queen ant
 18123 | Lair:1   | Killed a queen ant
 18411 | Lair:2   | Reached XP level 13. HP: 63/63 MP: 19/26
 18743 | Lair:2   | Found a staircase to the Snake Pit.
 18832 | Lair:2   | Reached ***** piety under Vehumet
 19277 | Lair:3   | Found a staircase to the Swamp.
 19325 | Lair:3   | Offered knowledge of Venom Bolt by Vehumet.
 19482 | Lair:3   | Reached skill level 10 in Spellcasting
 20688 | Lair:4   | Noticed Nessos
 20729 | Lair:4   | Nessos (unique)
 21068 | Lair:4   | Killed Nessos
 21068 | Lair:4   | Reached skill level 1 in Fighting
 21068 | Lair:4   | Reached skill level 1 in Armour
 21068 | Lair:4   | Reached skill level 1 in Shields
 23247 | Lair:5   | Found a staircase to the Slime Pits.
 23624 | Lair:5   | Offered knowledge of Bolt of Magma by Vehumet.
 23835 | Lair:6   | Entered Level 6 of the Lair of Beasts
 23885 | Lair:5   | Gained mutation: Your large and strong wings let you fly indefinitely. [Gargoyle growth]
 23885 | Lair:5   | Reached XP level 14. HP: 48/72 MP: 21/28
 25380 | Lair:6   | Noticed Kirke
 25396 | Lair:6   | Killed Kirke
 26245 | Lair:6   | Got a slimy lead ring
 26480 | Lair:6   | Offered knowledge of Poison Arrow by Vehumet.
 26676 | Lair:6   | Identified the ring of Sihan {+Inv rPois MP+9 Int+5 Dex-3} (You found it on level 6 of the Lair of Beasts)
 26899 | Orc:1    | Entered Level 1 of the Orcish Mines
 27513 | Orc:2    | Entered Level 2 of the Orcish Mines
 27646 | Orc:2    | Reached skill level 10 in Staves
 27690 | Orc:2    | Reached skill level 1 in Evocations
 28023 | Orc:2    | Found a staircase to the Elven Halls.
 28083 | Orc:2    | Reached skill level 10 in Fire Magic
 28235 | Orc:2    | Reached skill level 5 in Fighting
 28251 | Orc:2    | Reached skill level 5 in Armour
 28439 | Orc:2    | Reached skill level 5 in Shields
 28753 | Orc:2    | Reached XP level 15. HP: 82/82 MP: 30/30
 28980 | Orc:2    | Found a roughly hewn altar of Beogh.
 29213 | Orc:2    | Reached ****** piety under Vehumet
 29242 | Orc:2    | Found Mavuat's Food Boutique.
 29248 | Orc:2    | Bought a ration for 55 gold pieces
 29248 | Orc:2    | Bought a ration for 55 gold pieces
 29248 | Orc:2    | Bought a ration for 55 gold pieces
 29283 | Orc:2    | Found Hogu's Book Shop.
 29594 | Orc:2    | Noticed an orc warlord
 29617 | Orc:2    | Killed an orc warlord
 29739 | Orc:2    | Found Tymuv's Jewellery Shoppe.
 29887 | Orc:2    | Found a roughly hewn altar of Beogh.
 30045 | Orc:2    | Found Xeewenyc's Food Shop.
 30478 | Orc:2    | Vielleicht noch was mit Fliegen zu sehen unten rechts
 30560 | Elf:1    | Entered Level 1 of the Elven Halls
 30560 | Elf:1    | Found Buiczaj's Bounteous Boutique.
 30925 | Snake:1  | Entered Level 1 of the Snake Pit
 31026 | Snake:1  | Noticed Louise
 31276 | Snake:1  | Offered knowledge of Iron Shot by Vehumet.
 31354 | Snake:1  | Reached skill level 5 in Dodging
 31611 | Snake:1  | Found Dydiofetz's Assorted Antiques.
 31660 | Snake:1  | Noticed Aizul
 32096 | Lair:1   | Learned a level 6 spell: Iron Shot
 34088 | Snake:2  | Reached XP level 16. HP: 90/90 MP: 31/31
 34166 | Snake:1  | Killed Aizul
 34441 | Snake:2  | Found Ixoepouq's Distillery.
 34479 | Snake:2  | Found Pydwuipp's Assorted Antiques.
 34493 | Snake:2  | Bought a polished buckler for 247 gold pieces
 34969 | Snake:2  | Bought a potion of heal wounds for 80 gold pieces
 34969 | Snake:2  | Bought a potion of magic for 128 gold pieces
 35421 | Snake:2  | Offered knowledge of Bolt of Fire by Vehumet.
 35821 | Snake:2  | Noticed a nagaraja
 35864 | Snake:2  | Killed a nagaraja
 36705 | Snake:3  | Noticed a nagaraja
 36720 | Snake:3  | Killed a nagaraja
 36720 | Snake:3  | Reached skill level 5 in Evocations
 37253 | Snake:3  | Learned a level 5 spell: Borgnjor's Vile Clutch
 37798 | Snake:3  | Noticed a nagaraja
 37802 | Snake:3  | Killed a nagaraja
 38157 | Snake:4  | Entered Level 4 of the Snake Pit
 38158 | Snake:4  | Noticed Vashnia
 38303 | Snake:4  | Reached skill level 1 in Necromancy
 38870 | Snake:4  | Noticed Saint Roka
 39540 | Snake:3  | Learned a level 6 spell: Bolt of Fire
 40270 | Snake:4  | Reached XP level 17. HP: 99/99 MP: 33/33
 40303 | Snake:4  | Offered knowledge of Conjure Ball Lightning by Vehumet.
 40639 | Snake:3  | Killed Vashnia
 41077 | Snake:4  | Noticed Agnes
 41086 | Snake:4  | Killed Agnes
 41451 | Snake:2  | HP: 4/99 [anaconda (2)]
 41454 | Snake:2  | Slain by an anaconda

Skill      XL: |  1  2  3  4  5  6  7  8  9 10 11 12 13 14 15 16 17 |
---------------+----------------------------------------------------+-----
Earth Magic    | 4 5 6 7 8 10 11 12 | 12.5
Spellcasting   | 3 4 5 6 8 9 10 11 12 | 12.5
Conjurations   | 1 2 3 5 6 8 10 11 12 | 12.7
Staves         | 1 2 3 4 6 7 8 9 10 11 | 11.8
Fire Magic     | 3 6 9 10 11 | 11.7
Fighting       | 2 5 6 8 |  8.8
Armour         | 2 5 |  5.0
Shields        | 2 5 6 8 |  8.8
Dodging        | 2 4 5 6 7 |  7.0
Evocations     | 1 4 5 6 |  6.1
Necromancy     | 1 2 |  2.6
Stealth        | |  2.1
Transmutations | |  0.7

Action                   |  1- 3 |  4- 6 |  7- 9 | 10-12 | 13-15 | 16-18 || total
-------------------------+-------+-------+-------+-------+-------+-------++-------
Melee: Unarmed           |    13 |       |       |       |       |       ||    13
       Whip              |    34 |    12 |       |       |       |       ||    46
       Staff             |       |    10 |    27 |    27 |    38 |     4 ||   106
 Cast: Sandblast         |    39 |    67 |    99 |    78 |   137 |    18 ||   438
       Stone Arrow       |       |     7 |    79 |   252 |   676 |   250 ||  1264
       Lee's Rapid Decon |       |       |     4 |    26 |    94 |    41 ||   165
       Conjure Flame     |       |       |       |     9 |    18 |    14 ||    41
       Searing Ray       |       |       |       |     9 |    14 |    15 ||    38
       Sticky Flame      |       |       |       |     8 |    33 |    23 ||    64
       Iron Shot         |       |       |       |       |     9 |    46 ||    55
       Borgnjor's Vile C |       |       |       |       |       |     5 ||     5
Evoke: Wand              |       |       |       |     3 |       |     1 ||     4
  Use: Scroll            |       |     5 |     5 |    10 |    11 |     5 ||    36
       Potion            |       |       |       |     1 |     3 |     6 ||    10
 Stab: Sleeping          |     1 |     1 |       |       |       |       ||     2
  Eat: Chunk             |     2 |     2 |     4 |    11 |    28 |       ||    47
       Ration            |     1 |     1 |     5 |     7 |    10 |    10 ||    34
Armor: Robe              |    12 |    24 |    24 |   116 |   241 |   154 ||   571
Dodge: Dodged            |    30 |    49 |    52 |    98 |   253 |   178 ||   660
Block: Shield            |       |       |    12 |   101 |   266 |   218 ||   597
